 Dungeon Crawl Stone Soup version 0.19.1 (webtiles) character file.

72 Krapule the Caller (level 4, 0/32 HPs)
             Began as a Merfolk Summoner on Dec 15, 2016.
             Succumbed to a worker ant's poison
             ... on level 3 of the Dungeon.
             The game lasted 00:12:43 (3196 turns).

Krapule the Caller (Merfolk Summoner)               Turns: 3196, Time: 00:12:43

Health: 0/32       AC:  2    Str: 11 (14) XL:     4   Next: 26%
Magic:  6/7        EV: 13    Int: 13 (14) God:
Gold:   198        SH:  0    Dex: 12 (14) Spells: 2 memorised, 4 levels left

rFire  . . .     SeeInvis .     n - +0 spear
rCold  . . .     Gourm    .     a - +0 robe
rNeg   . . .     Faith    .     (no shield)
rPois  .         Spirit   .     (no helmet)
rElec  .         Reflect  .     (no cloak)
rCorr  .         Harm     .     (no gloves)
MR     .....                    (no boots)
Stlth  ++........               (no amulet)
                                (no ring)
                                (no ring)

@: mighty, lethally poisoned (0 -> -11)
A: change form in water, swift swim, stealthy swim
a: no special abilities


You were on level 3 of the Dungeon.
You were not hungry.

You visited 1 branch of the dungeon, and saw 3 of its levels.

You collected 198 gold pieces.

Inventory:

Hand Weapons
 e - a +0 dagger
 n - a +0 spear (weapon)
Armour
 a - a +0 robe (worn)
Scrolls
 d - a scroll of teleportation {unknown}
 g - 2 scrolls of remove curse
 k - 2 scrolls of random uselessness {unknown}
 o - a scroll of enchant armour {unknown}
 p - a scroll of blinking {unknown}
Potions
 i - a potion of degeneration
 j - a potion of resistance
Books
 b - a book of Callings

   Spells                             Type                      Level
   a - Summon Small Mammal            Summoning                    1
   b - Call Imp                       Summoning                    2
   c - Call Canine Familiar           Summoning                    3
   d - Summon Guardian Golem          Hexes/Summoning              3
   e - Summon Lightning Spire         Summoning/Air                4
   f - Summon Ice Beast               Ice/Summoning                4
Comestibles
 c - 2 bread rations
 f - 4 fruits
 h - a chunk of flesh
 l - a meat ration


   Skills:
 + Level 1.3 Fighting
 + Level 1.1 Polearms
 + Level 3.1 Dodging
 + Level 3.1 Stealth
 + Level 2.2 Spellcasting
 * Level 4.6 Summonings


You had 4 spell levels left.
You knew the following spells:

 Your Spells              Type           Power        Failure   Level  Hunger
a - Summon Small Mammal   Summ           ##..         4%          1    ##.....
z - Call Imp              Summ           ##......     8%          2    ###....


Dungeon Overview and Level Annotations

Branches:
Dungeon (3/15)

Altars:

Annotations:
D:3 Philosophy's ghost, amateur FoFi


Message History

You hit the worker ant.
The worker ant is almost dead.
The worker ant barely misses you.
You completely miss the worker ant.
The worker ant is almost dead.
The worker ant barely misses you. The worker ant misses you.
You barely miss the worker ant.
The worker ant is almost dead.
The worker ant bites you.
* * * LOW HITPOINT WARNING * * *
You are lethally poisoned!
The worker ant poisons you!
Casting: Summon Small Mammal
Confirm with . or Enter, or press ? or * to list all spells.
* * * LOW HITPOINT WARNING * * *
You feel sick. The worker ant bites you!
* * * LOW HITPOINT WARNING * * *
It was a potion of might.
You feel very mighty all of a sudden.
You die...

.....##[..........#
#..#...#..#.......# . ###
.###.......#....##. ...
...#.............. #...
#............##.########....
...#!....##.................
.........r......# #.##.....
###.###...a#....####....####
#.. #.#..@##.)...........#
... #.#...##.......#####..
.. #.#........###....####
#.##.....#.######.####
#†###...##...#......##
.#####.###.#.####.#....#...
............................
..#####...##.......#....####
#.####.......#....# #


You could see a worker ant and a friendly quokka.

Vanquished Creatures
  An adder (D:3)
  A worm (D:2)
  2 dart slugs (D:1)
  7 bats
  2 giant cockroaches
  7 goblins
  3 hobgoblins
  4 jackals
  A quokka (D:2)
  A ball python (D:1)
  3 frilled lizards (D:1)
  2 kobolds (D:1)
  3 rats
37 creatures vanquished.

Vanquished Creatures (collateral kills)
  An adder (D:3)
  A leopard gecko (D:2)
  A ball python (D:1)
  A giant cockroach (D:1)
  4 goblins (D:1)
  A hobgoblin (D:1)
  4 jackals (D:1)
  2 kobolds (D:1)
15 creatures vanquished.

Grand Total: 52 creatures vanquished

Notes
Turn   | Place    | Note
-------+----------+-------------------------------------------
     0 | D:1      | Krapule the Merfolk Summoner began the quest for the Orb.
     0 | D:1      | Reached XP level 1. HP: 13/13 MP: 3/3
   426 | D:1      | Reached XP level 2. HP: 19/20 MP: 5/5
  1084 | D:1      | Reached XP level 3. HP: 20/25 MP: 1/6
  2089 | D:2      | Learned a level 2 spell: Call Imp
  2432 | D:3      | Noticed Philosophy's ghost (amateur FoFi)
  2470 | D:3      | Reached skill level 1 in Fighting
  2470 | D:3      | Reached XP level 4. HP: 25/32 MP: 5/7
  2563 | D:3      | Reached skill level 1 in Polearms
  3195 | D:3      | HP: 1/32 [worker ant (7)]
  3196 | D:3      | Succumbed to a worker ant's poison

Skill      XL: |  1  2  3  4 |
---------------+-------------+-----
Stealth        | 3 |  3.1
Dodging        | 3 |  3.1
Fighting       | 1 |  1.3
Polearms       | 1 |  1.1
Spellcasting   | |  2.2
Summonings     | |  4.6

Action                   |  1- 3 |  4- 6 || total
-------------------------+-------+-------++-------
Melee: Dagger            |   135 |       ||   135
       Unarmed           |     2 |       ||     2
       Spear             |    18 |    48 ||    66
       Tailslap          |     1 |       ||     1
 Cast: Summon Small Mamm |    34 |     6 ||    40
       Call Imp          |       |     8 ||     8
  Use: Scroll            |     3 |       ||     3
       Potion            |       |     3 ||     3
 Stab: Sleeping          |     5 |     2 ||     7
       Distracted        |       |     1 ||     1
  Eat: Chunk             |     4 |     3 ||     7
       Beef jerky        |     1 |       ||     1
Armor: Robe              |    30 |     9 ||    39
Dodge: Dodged            |   126 |    24 ||   150
